 Dungeon Crawl Stone Soup version 0.31-a0-640-g39d97e502b (webtiles) character file.

Game seed: 13917406650953885271

186 qw the Shooter (level 5, -20/32 HPs)
             Began as a Gargoyle Hunter on Aug 27, 2023.
             Demolished by an ogre
             ... wielding a +0 giant club
              (31 damage)
             ... on level 4 of the Dungeon.
             The game lasted 00:01:04 (1958 turns).

qw the Shooter (Gargoyle Hunter)                    Turns: 1958, Time: 00:01:04

Health: -20/32     AC: 11    Str: 14    XL:     5   Next: 65%
Magic:  5/5        EV: 10    Int: 10    God:
Gold:   122        SH:  0    Dex: 15    Spells: 4/4 levels left

rFire   . . .        Y - +0 shortbow
rCold   . . .        (shield currently unavailable)
rNeg    + . .        l - +0 ring mail
rPois   inf          d - +0 helmet
rElec   +            j - +0 cloak
rCorr   .            (no gloves)
SInv    .            (no boots)
Will    .....        (no amulet)
Stlth   +            (no ring)
HPRegen 0.25/turn    (no ring)
MPRegen 0.09/turn

%: no passive effects
@: no status effects
A: sickness immunity, AC +4, negative energy resistance 1, electricity
resistance, torment resistance 1, petrification resistance
a: no special abilities


You were on level 4 of the Dungeon.
You visited 1 branch of the dungeon, and saw 4 of its levels.

You collected 122 gold pieces.


Innate Abilities, Weirdness & Mutations

You are immune to sickness and miasma.
Your stone body is resilient. (AC +4)
You are immune to poison.
You resist negative energy. (rN+)
You are resistant to electric shocks. (rElec)
You are resistant to unholy torment.
You are immune to petrification.


   Skills:
 + Level 3.6 Fighting
 - Level 6.0 Ranged Weapons
 - Level 1.0 Armour
 - Level 1.5 Dodging
 - Level 1.1 Stealth


You had 4 spell levels left.
You didn't know any spells.
Your spell library was empty.

Inventory:

Hand Weapons
 Y - a +0 shortbow (weapon)
Armour
 d - a +0 helmet (worn)
 j - a +0 cloak (worn)
 l - a +0 ring mail (worn)
Scrolls
 b - a scroll of identify
Potions
 a - a potion of might {unknown}
 e - a potion of degeneration {unknown}
 f - a potion of heal wounds {unknown}
 g - 2 potions of curing
 i - a potion of berserk rage {unknown}
 k - a potion of mutation {unknown}
 m - a potion of magic {unknown}

Dungeon Overview and Level Annotations

Branches:
Dungeon (4/15)
 Temple: D:4-7

Altars:


Message History

The arrow hits the ogre but does no damage.
The ogre is lightly wounded.
The ogre hits you with a +0 giant club!!
Ouch! That really hurt!
You shoot an arrow. The arrow completely misses the ogre.
The ogre hits you but does no damage.
You shoot an arrow. The arrow barely misses the ogre.
You shoot an arrow.
The arrow hits the ogre but does no damage.
The ogre is lightly wounded.
The ogre barely misses you.
You shoot an arrow.
The arrow hits the ogre but does no damage.
The ogre is lightly wounded.
The ogre misses you.
You shoot an arrow. The arrow hits the ogre.
The ogre is moderately wounded.
The ogre barely misses you.
You shoot an arrow. The arrow hits the ogre!
The ogre is heavily wounded.
The ogre closely misses you.
You shoot an arrow. The arrow hits the ogre.
The ogre is severely wounded.
You shoot an arrow.
The arrow hits the ogre but does no damage.
The ogre is severely wounded.
The ogre barely misses you.
You shoot an arrow.
The arrow hits the ogre but does no damage.
The ogre is heavily wounded.
The ogre hits you with a +0 giant club!
You shoot an arrow. The arrow hits the ogre!
The ogre is almost dead.
The ogre barely misses you.
You shoot an arrow.
The arrow hits the ogre but does no damage.
The ogre is almost dead.
The ogre hits you with a +0 giant club!!
Ouch! That really hurt!
You die...

#........#
#........#
#........##
##........ .
....PP...### #..
7PP......####
....7P...<.......
#.......<#.####
#.?.O@.###
#.###### #


You could see an ogre.

Vanquished Creatures
  8 gnolls
  3 adders
  2 worms (D:3)
  A dart slug (D:1)
  6 bats
  7 endoplasms
  A giant cockroach (D:3)
  4 goblins
  6 hobgoblins
  9 jackals
  3 quokkas
  9 ball pythons
  7 frilled lizards
  7 kobolds
  3 rats
76 creatures vanquished.

Notes
Turn   | Place    | Note
-------+----------+-------------------------------------------
     0 | D:1      | qw the Gargoyle Hunter began the quest for the Orb.
     0 | D:1      | Reached XP level 1. HP: 12/12 MP: 1/1
     0 | D:1      | 0 ||| qw: Version: 0.3-a-74-g56b0e0c
     0 | D:1      | 0 ||| qw: Game counter: 16
     0 | D:1      | 0 ||| qw: Melee chars always use a shield: true
     0 | D:1      | 0 ||| qw: God list: Okawaru
     0 | D:1      | 0 ||| qw: Allow faded altars: false
     0 | D:1      | 0 ||| qw: Do Orc after clearing Dungeon:15 true
     0 | D:1      | 0 ||| qw: Do second Lair branch before Depths: true
     0 | D:1      | 0 ||| qw: Lair rune preference: random
     0 | D:1      | 0 ||| qw: Goals: Normal
     0 | D:1      | 0 ||| PLANNING D:1-11
    63 | D:1      | Reached XP level 2. HP: 17/17 MP: 2/2
   234 | D:1      | Reached XP level 3. HP: 21/21 MP: 3/3
   336 | D:1      | Reached skill level 5 in Ranged Weapons
   384 | D:1      | 384 ||| Stepping ~*~*~tactically~*~*~ (outnumbered).
   431 | D:1      | 431 ||| READING scroll labelled DENKAGHE IFOO.
   436 | D:1      | 436 ||| READING scroll labelled VOYLOFFAVA.
   437 | D:1      | 437 ||| DROPPING scroll of butterflies.
   714 | D:2      | Reached skill level 3 in Fighting
   751 | D:2      | 751 ||| RETREATING.
   752 | D:2      | 752 ||| Stepping ~*~*~tactically~*~*~ (retreating).
   753 | D:2      | 753 ||| Stepping ~*~*~tactically~*~*~ (retreating).
   754 | D:2      | 754 ||| Stepping ~*~*~tactically~*~*~ (retreating).
   761 | D:2      | Reached XP level 4. HP: 26/28 MP: 4/4
   770 | D:2      | 770 ||| FLEEEEING.
  1369 | D:2      | 1369 ||| UPGRADING to +0 helmet.
  1374 | D:2      | 1374 ||| UPGRADING to +0 cloak.
  1379 | D:2      | 1379 ||| UPGRADING to +0 ring mail.
  1389 | D:2      | 1389 ||| DROPPING +0 leather armour.
  1390 | D:2      | 1390 ||| READING scroll labelled QAISIL GOXTANG.
  1391 | D:2      | 1391 ||| READING scroll labelled ULENGE WOGRAPH.
  1392 | D:2      | 1392 ||| READING scroll labelled JAUSOIPOECK.
  1393 | D:2      | 1393 ||| DRINKING 3 green potions.
  1412 | D:3      | 1412 ||| STAIRDANCE
  1425 | D:3      | 1425 ||| STAIRDANCE
  1431 | D:2      | Reached XP level 5. HP: 28/32 MP: 5/5
  1449 | D:3      | 1449 ||| STAIRDANCE
  1479 | D:3      | Reached skill level 1 in Armour
  1553 | D:3      | Found a faded altar of an unknown god.
  1630 | D:3      | 1630 ||| FLEEEEING.
  1633 | D:3      | 1633 ||| FLEEEEING.
  1693 | D:3      | Reached skill level 6 in Ranged Weapons
  1767 | D:3      | 1767 ||| READING scroll labelled MUQUAV DUO.
  1768 | D:3      | 1768 ||| READING scroll labelled TUFOMP UFEURPH.
  1940 | D:4      | Noticed an ogre
  1958 | D:4      | Demolished by an ogre

Levels and vault maps discovered:
D:1:      lemuel_arrival_funnel, layout_rooms
D:2:      layout_basic
D:3:      wander_river, layout_basic, shapermc_ecumenical_altar_mp_highgroup
D:4:      layout_basic, serial_park_tiny_2

Skill      XL: |  1  2  3  4  5 |
---------------+----------------+-----
Ranged Weapons | 5 6 |  6.0
Fighting       | 3 |  3.6
Armour         | 1 |  1.0
Dodging        | |  1.5
Stealth        | |  1.1

Action                     |  1- 3 |  4- 6 || total
---------------------------+-------+-------++-------
   Fire: Shortbow          |   115 |   146 ||   261
    Use: Scroll            |     2 |     5 ||     7
         Potion            |       |     1 ||     1
 Armour: Leather armour    |    28 |       ||    28
         Ring mail         |       |    39 ||    39
  Dodge: Dodged            |    34 |    59 ||    93

Table legend:
 A = Non-vault XP
 B = Vault XP
 C = Vault XP percentage of total XP
 D = Non-vault monster count
 E = Vault monster count
 F = Vault count percentage of total count
                 A         B        C        D         E       F
            +---------+---------+-------+---------+---------+-------
      Total |     266 |       0 |   0.0 |      76 |       0 |   0.0
            +---------+---------+-------+---------+---------+-------
        D:1 |      49 |       0 |   0.0 |      30 |       0 |   0.0
        D:2 |     119 |       0 |   0.0 |      28 |       0 |   0.0
        D:3 |      98 |       0 |   0.0 |      18 |       0 |   0.0
            +---------+---------+-------+---------+---------+-------
